 Dungeon Crawl Stone Soup version 0.28.0-45-g0d030f2227 (console) character file.

Game seed: 8642924814208643838

130 Banquo the Magician (level 5, -7/40 HPs)
             Began as a Djinni Cinder Acolyte on Apr 3, 2022.
             Was a High Priest of Ignis.
             Mangled by a mummy (9 damage)
             ... in an ossuary.
             The game lasted 00:07:55 (3356 turns).

Banquo the Magician (Djinni Cinder Acolyte)         Turns: 3356, Time: 00:07:55

Health: -7/40      AC:  2    Str: 19    XL:     5   Next: 36%
Gold:   104        EV: 11    Int: 17    God:    Ignis [*****.] SH:  0 Dex:  9

rFire   + + +      SeeInvis .   a - -1 short sword (flame)
rCold   x . .      Faith    .   (no shield)
rNeg    . . .      Spirit   .   b - +0 robe
rPois   ∞          Reflect  .   (no helmet)
rElec   .          Harm     .   (no cloak)
rCorr   .          Rampage  .   (no gloves)
Will    .....                   (boots unavailable)
Stlth   +.........              (no amulet)
HPRegen 0.13/turn               i - +6 ring of strength
MPRegen 0.00/turn               (no ring)

@: flying
A: sickness immunity, fire resistance 2, cold vulnerability 1, float, innate
caster, HP casting, extra vitality 1
a: Renounce Religion, Fiery Armour, Foxfire Swarm, Rising Flame


You were in an ossuary.
You worshipped Ignis.
Ignis was extremely pleased with you.
You visited 1 branch of the dungeon, and saw 4 of its levels.
You also visited: Ossuary.

You collected 132 gold pieces.
You spent 28 gold pieces at shops.

Inventory:

Hand Weapons
 a - a -1 short sword of flaming (weapon)
 g - a +0 short sword
 n - a +1 vorpal flail
Missiles
 c - 183 stones
Armour
 b - a +0 robe (worn)
Jewellery
 i - a +6 ring of strength (left hand)
Wands
 k - a wand of flame (22)
Scrolls
 d - a scroll of blinking {unknown}
 e - a scroll of immolation {unknown}
 f - a scroll of holy word {unknown}
 h - a scroll of fog
 l - a scroll of magic mapping {unknown}
 o - a scroll of noise {unknown}
 r - a scroll of identify
Potions
 j - a potion of cancellation
 m - a potion of haste


   Skills:
 * Level 3.4 Fighting
 * Level 3.3 Short Blades
 * Level 3.8 Spellcasting


You had 6 spell levels left.
You knew the following spells:

 Your Spells              Type           Power      Damage    Failure   Level
a - Slow                  Hex            64%        N/A       3%          1
z - Scorch                Fire           32%        2d6       4%          2
B - Blink                 Tloc           32%        N/A       4%          2
Your spell library was empty.

Dungeon Overview and Level Annotations

Branches:
Dungeon (4/15)            Ossuary (1/1)
 Temple: D:4-7

Altars:

Shops:
D:2 *


Innate Abilities, Weirdness & Mutations

You are immune to sickness and miasma.
You are immune to poison.
Your flesh is very heat resistant. (rF++)
You are vulnerable to cold. (rC-)
You float through the air rather than walking.
You learn spells naturally, not from books.
Your magical power is your life essence.
You have superior vitality. (+4 MHP)


Message History

Confirm with . or Enter, or press ? or * to list all spells.
Flames lash the hobgoblin zombie.
The hobgoblin zombie is burned terribly!
The hobgoblin zombie is severely damaged.
* * * LOW HITPOINT WARNING * * *
Casting: Scorch (safe; 4% risk of failure)
Confirm with . or Enter, or press ? or * to list all spells.
Flames lash the hobgoblin zombie.
The hobgoblin zombie is burned terribly!
You destroy the hobgoblin zombie!
* * * LOW HITPOINT WARNING * * *
Unknown command.
Casting: Scorch (safe; 4% risk of failure)
Confirm with . or Enter, or press ? or * to list all spells.
Flames lash the mummy.
The mummy is burned terribly!
The mummy is moderately damaged.
The mummy's fire resistance burns away.
* * * LOW HITPOINT WARNING * * *
Casting: Scorch (safe; 4% risk of failure)
Confirm with . or Enter, or press ? or * to list all spells.
Flames lash the mummy.
The mummy is burned terribly!
The mummy is almost destroyed.
* * * LOW HITPOINT WARNING * * *
You closely miss the mummy.
The mummy is almost destroyed.
You barely miss the mummy.
The mummy is almost destroyed.
The mummy hits you.
* * * LOW HITPOINT WARNING * * *
You hit the mummy. You burn the mummy.
The mummy is almost destroyed.
You closely miss the mummy.
The mummy is almost destroyed.
The mummy barely misses you.
You closely miss the mummy.
The mummy is almost destroyed.
You barely miss the mummy.
The mummy is almost destroyed.
The mummy hits you!
You die...

#....#
#....#
#....#
#....#
#....#
#....#
#....#
#..M.#
#.∩@.#
######


You could see a mummy (combustible).

Vanquished Creatures
  A bullfrog zombie (D:3)
  4 adders
  A white imp (D:3)
  A dart slug (D:3)
  2 orcs (D:3)
  4 endoplasms
  A giant cockroach (D:2)
  A gnoll zombie (Ossuary)
  3 goblins
  3 hobgoblins
  6 jackals (D:1)
  5 kobolds
  A quokka (D:2)
  3 ball pythons
  4 bats
  6 frilled lizards
  2 hobgoblin zombies (Ossuary)
  2 kobold zombies (Ossuary)
  An orc zombie (Ossuary)
51 creatures vanquished.

Notes
Turn   | Place    | Note
-------+----------+-------------------------------------------
     0 | D:1      | Banquo the Djinni Cinder Acolyte began the quest for the
                  | Orb.
     0 | D:1      | Reached XP level 1. HP: 20/20 MP: 0/0
   390 | D:1      | Reached XP level 2. HP: 19/25 MP: 0/0
   896 | D:1      | Reached XP level 3. HP: 16/30 MP: 0/0
   896 | D:1      | Learned a level 1 spell: Slow
  1768 | D:2      | Found Loodiybb's Assorted Antiques.
  1776 | D:2      | Bought a scroll labelled XESTES FIBRUWE for 28 gold pieces
  1789 | D:2      | Found a faded altar of an unknown god.
  1910 | D:2      | Reached XP level 4. HP: 27/35 MP: 0/0
  3050 | D:3      | Reached XP level 5. HP: 25/40 MP: 0/0
  3050 | D:3      | Learned a level 2 spell: Blink
  3298 | D:4      | Found a sand-covered staircase.
  3325 | Ossuary  | Entered an ossuary
  3352 | Ossuary  | HP: 2/40 [mummy (1)]
  3356 | Ossuary  | Mangled by a mummy

Illustrated notes

Levels and vault maps discovered:
D:1:      dpeg_arrival_arbitrary_a, layout_rooms
D:2:      layout_rooms, serial_shops, nicolae_shop_advertising_works
          [nicolae_subvault_shop_adworks], hellmonk_ecumenical_altar_crossroads,
          nrook_mini_vaults
D:3:      layout_loops_ring
D:4:      layout_rooms, gammafunk_temple_overflow_claw, enter_ossuary_1,
          serial_rivers, chequers_serial_rivers_micro_c,
          chequers_serial_rivers_large_b, chequers_serial_rivers_micro_b,
          chequers_serial_rivers_small_a, chequers_serial_rivers_micro_d
Ossuary:  ossuary_tomb_3

Skill      XL: |  1  2  3 |
---------------+----------+-----
Short Blades   | 3 |  3.3
Spellcasting   | 3 |  3.8
Fighting       | |  3.4

Action                   |  1- 3 |  4- 6 || total
-------------------------+-------+-------++-------
Melee: Short sword       |    34 |     7 ||    41
 Cast: Scorch            |    27 |    40 ||    67
  Use: Scroll            |       |     6 ||     6
Armor: Robe              |    12 |     5 ||    17
Dodge: Dodged            |    26 |    16 ||    42
